 Dungeon Crawl Stone Soup version 0.30-a0-726-gd89dcf765f (webtiles) character file.

Game seed: 5516078959172911516

1047 Arximoufas the Conjurer (level 8, 0/41 HPs)
             Began as a Deep Elf Conjurer on Jan 29, 2023.
             Slain by a water moccasin (8 damage)
             ... on level 6 of the Dungeon.
             The game lasted 00:13:00 (5714 turns).

Arximoufas the Conjurer (Deep Elf Conjurer)         Turns: 5714, Time: 00:13:00

Health: 0/41       AC:  5    Str:  4    XL:     8   Next: 5%
Magic:  11/17      EV: 12    Int: 26    God:
Gold:   301        SH:  0    Dex: 13    Spells: 16/17 levels left

rFire   + + .      SeeInvis .    k - staff of fire
rCold   + . .      Faith    .    (no shield)
rNeg    . . .      Spirit   .    a - +0 robe
rPois   .          Reflect  .    m - +0 helmet
rElec   .          Harm     .    w - scarf {rC+ rF+}
rCorr   .          Rampage  .    n - +0 pair of gloves
Will    .....                    p - +0 pair of boots
Stlth   +++                      (no amulet)
HPRegen 0.26/turn                (no ring)
MPRegen 0.15/turn                (no ring)

@: lethally poisoned (0 -> -12)
A: no striking features
a: no special abilities


You were on level 6 of the Dungeon.
You visited 2 branches of the dungeon, and saw 7 of its levels.

You collected 301 gold pieces.

Inventory:

Missiles
 e - 5 curare-tipped darts
 x - 2 poisoned darts
Armour
 a - a +0 robe (worn)
 h - a +0 cloak
 m - a +0 helmet (worn)
 n - a +0 pair of gloves (worn)
 p - a +0 pair of boots (worn)
 w - a scarf of resistance (worn)
Magical Staves
 k - a staff of fire (weapon)
Wands
 r - a wand of iceblast (2)
 s - a wand of charming (10)
 t - a wand of flame (3)
 u - a wand of light (2)
Scrolls
 d - 3 scrolls of amnesia {unknown}
 f - 3 scrolls of teleportation {unknown}
 g - 2 scrolls of silence {unknown}
 j - 3 scrolls of identify {unknown}
 l - 2 scrolls of noise {unknown}
 v - a scroll of poison {unknown}
 y - a scroll of fog {unknown}
 A - a scroll of immolation {unknown}
Potions
 b - a potion of magic
 c - a potion of brilliance {unknown}
 i - 2 potions of curing
 o - a potion of resistance {unknown}
 q - a potion of lignification {unknown}
 z - a potion of might {unknown}


   Skills:
 - Level 2.4 Dodging
 - Level 5.0 Stealth
 + Level 5.0 Spellcasting
 + Level 7.0 Conjurations
 + Level 7.0 Fire Magic


You had 16 spell levels left.
You knew the following spells:

 Your Spells              Type           Power      Damage    Failure   Level
a - Magic Dart            Conj           100%       1d8       1%          1

Your spell library contained the following spells:

 Spells                   Type           Power      Damage    Failure   Level
 Searing Ray              Conj           84%        2d7       1%          2
 Dazzling Flash           Conj/Hex       48%        N/A       5%          3
 Slow                     Hex            24%        N/A       8%          1
 Fulminant Prism          Conj/Hex       12%        3d9       19%         4
 Iskenderun's Mystic Bla  Conj/Tloc      24%        2d7       19%         4
 Confusing Touch          Hex            6%         N/A       22%         3
 Frozen Ramparts          Ice            12%        1d2       22%         3
 Vampiric Draining        Necr           6%         2d6       22%         3
 Ice Form                 Ice/Tmut       6%         N/A       58%         4
 Summon Ice Beast         Ice/Summ       6%         N/A       58%         4


Dungeon Overview and Level Annotations

Branches:
Dungeon (6/15)             Temple (1/1) D:5

Altars:
Cheibriados
Dithmenos
Elyvilon
Gozag
Nemelex Xobeh
Okawaru
Qazlal
Ru
Sif Muna
Trog
Uskayaw
Wu Jian
Xom
Yredelemnul

Shops:
D:3 =

Annotations:
D:6 2 transporters, fly's ghost, novice DgDe


Message History

Aiming: Magic Dart (safe; 1% risk of failure)
Press: ? - help, Q - select action, (/) - cycle Shift-Dir - straight line, f/p - water moccasin
Aim: a water moccasin (lightly wounded, 100% to hit)
The magic dart hits the water moccasin but does no damage.
The water moccasin is lightly wounded.
The killer bee buzzes angrily.
You feel very sick. The water moccasin bites you.
Aiming: Magic Dart (safe; 1% risk of failure)
Press: ? - help, Q - select action, (/) - cycle Shift-Dir - straight line, f/p - water moccasin
Aim: a water moccasin (lightly wounded, 100% to hit)
The magic dart hits the water moccasin.
The water moccasin is moderately wounded.
You feel sick. The water moccasin bites you.
You are lethally poisoned!
The water moccasin poisons you! The water moccasin barely misses you.
Aiming: Magic Dart (safe; 1% risk of failure)
Press: ? - help, Q - select action, (/) - cycle Shift-Dir - straight line, f/p - water moccasin
Aim: a water moccasin (moderately wounded, 100% to hit)
The magic dart hits the water moccasin.
The water moccasin is heavily wounded.
You feel very sick. The water moccasin bites you.
Aiming: Magic Dart (safe; 1% risk of failure)
Press: ? - help, Q - select action, (/) - cycle Shift-Dir - straight line, f/p - water moccasin
Aim: a water moccasin (heavily wounded, 100% to hit)
The magic dart hits the water moccasin.
The water moccasin is severely wounded.
* * * LOW HITPOINT WARNING * * *
You feel very sick. The water moccasin closely misses you.
Aiming: Magic Dart (safe; 1% risk of failure)
Press: ? - help, Q - select action, (/) - cycle Shift-Dir - straight line, f/p - water moccasin
Aim: a water moccasin (severely wounded, 100% to hit)
The magic dart hits the water moccasin but does no damage.
The water moccasin is severely wounded.
* * * LOW HITPOINT WARNING * * *
You feel very sick. The water moccasin closely misses you.
The water moccasin bites you!
You die...

# #.........##
#..###.###..##
#..#
#######..# #.#
#.# #y###.# ..
#.. #!.y##.# #
#. #.#.##.# #.
#...##.# y
.#.#y#.#####
y..#yy#...@.#
#.#.W#©.##S#
#.y#.## .#
#.#y#.# .#
#...##.# .#
#.## #.# .# #
#.# .# #.# ..


You could see a water moccasin, 5 killer bees and fly's ghost.

Vanquished Creatures
  Sigmund (D:2)
  2 ogres
  A centaur (D:5)
  3 scorpions (D:5)
  2 orc priests (D:5)
  4 hounds (D:5)
  4 orc wizards (D:5)
  7 adders
  A worm (D:4)
  12 dart slugs
  15 orcs
  6 bats
  3 endoplasms
  3 giant cockroaches
  5 goblins
  11 hobgoblins
  8 quokkas
  11 ball pythons
  6 frilled lizards
  7 kobolds
  10 rats
122 creatures vanquished.

Vanquished Creatures (others)
  A plant (D:3)
1 creature vanquished.

Grand Total: 123 creatures vanquished

Notes
Turn   | Place    | Note
-------+----------+-------------------------------------------
     0 | D:1      | Arximoufas the Deep Elf Conjurer began the quest for the
                  | Orb.
     0 | D:1      | Reached XP level 1. HP: 10/10 MP: 6/6
   199 | D:1      | Reached XP level 2. HP: 15/15 MP: 4/8
   957 | D:1      | Reached skill level 5 in Conjurations
   957 | D:1      | Reached XP level 3. HP: 19/19 MP: 7/9
  1508 | D:2      | Noticed Sigmund
  1516 | D:2      | Killed Sigmund
  1517 | D:2      | Reached skill level 5 in Stealth
  1517 | D:2      | Reached XP level 4. HP: 12/24 MP: 3/10
  1517 | D:2      | Reached XP level 5. HP: 14/28 MP: 3/11
  2400 | D:3      | Found a faded altar of an unknown god.
  2819 | D:3      | Reached XP level 6. HP: 32/32 MP: 10/13
  3064 | D:3      | Found a stormy altar of Qazlal.
  3124 | D:3      | Found Ileug's Jewellery Shop.
  3289 | D:4      | Found an iron altar of Okawaru.
  3473 | D:4      | Found a sacrificial altar of Ru.
  3580 | D:4      | Found a shimmering blue altar of Sif Muna.
  3759 | D:4      | Reached skill level 1 in Fire Magic
  3907 | D:4      | Found an ornate altar of the Wu Jian Council.
  4201 | D:5      | Entered Level 5 of the Dungeon
  4289 | D:5      | Reached skill level 5 in Spellcasting
  4289 | D:5      | Reached XP level 7. HP: 36/36 MP: 9/16
  4388 | D:5      | Reached skill level 5 in Fire Magic
  4891 | D:5      | Found a bloodstained altar of Trog.
  5349 | D:5      | Found a staircase to the Ecumenical Temple.
  5356 | Temple   | Entered the Ecumenical Temple
  5486 | D:5      | Reached XP level 8. HP: 18/41 MP: 7/17
  5696 | D:6      | Found a transporter.
  5702 | D:6      | Found a transporter.
  5702 | D:6      | Noticed fly's ghost (novice DgDe)
  5714 | D:6      | Slain by a water moccasin

Illustrated notes

Levels and vault maps discovered:
D:1:      grunt_arrival_lava_bath, layout_basic, minmay_crystal_room,
          minmay_hexomino_f4
D:2:      layout_rooms, uniq_sigmund
D:3:      kennysheep_slugbush, layout_rooms, mainiacjoe_overflow_brackets,
          dreamdust_ecumenical_altar_hidden_monk_grotto, serial_shops,
          nicolae_diamond_shop
D:4:      layout_basic, mainiacjoe_overflow_catwalk_spiral, marbit_many_paths,
          mainiacjoe_overflow_concentric_impassable
D:5:      layout_gridville, mainiacjoe_overflow_alcove_4,
          minmay_temple_entry_overgrown
D:6:      layout_loops_corners, gammafunk_ghost_hive
Temple:   nicolae_temple_godpark

Skill      XL: |  1  2  3  4  5  6  7 |
---------------+----------------------+-----
Stealth        | 3 5 |  5.0
Conjurations   | 5 6 7 |  7.0
Spellcasting   | 5 |  5.0
Fire Magic     | 3 7 |  7.0
Dodging        | |  2.4

Action                     |  1- 3 |  4- 6 |  7- 9 || total
---------------------------+-------+-------+-------++-------
  Melee: Unarmed           |     1 |     1 |       ||     2
         Staff             |       |       |     2 ||     2
  Throw: Dart              |     2 |       |       ||     2
   Cast: Magic Dart        |    77 |   121 |   100 ||   298
  Evoke: Wand              |       |     6 |     7 ||    13
    Use: Potion            |       |       |     2 ||     2
 Armour: Robe              |     1 |       |    11 ||    12
  Dodge: Dodged            |     4 |     3 |    41 ||    48

Table legend: (Time is in decaauts)
 A = Elapsed time spent in this place.
 B = Non-inter-level travel time spent in this place.
 C = Inter-level travel time spent in this place.
 D = Time resting spent in this place.
 E = Time spent auto-exploring this place.
 F = Levels seen in this place.
 G = Mean time per level.
                   A        B        C        D        E       F      G
               +--------+--------+--------+--------+--------+-----+--------+
         Total |   5726 |   5504 |    222 |    343 |   4445 |   7 |  818.0 |
       Dungeon |   5606 |   5384 |    222 |    343 |   4349 |   6 |  934.3 |
        Temple |    120 |    120 |      0 |      0 |     95 |   1 |  120.0 |
               +--------+--------+--------+--------+--------+-----+--------+

Top non-repeatable levels by time:
     D:1: 1393 daAuts
     D:5: 1341 daAuts
     D:3: 1056 daAuts
     D:4: 988 daAuts
     D:2: 769 daAuts
  Temple: 120 daAuts
     D:6: 56 daAuts
